 Dungeon Crawl Stone Soup version 0.28.0 (webtiles) character file.

Game seed: 8811568295838468112

187 jlumianski the Firebug (level 5, 0/29 HPs)
             Began as a Gargoyle Fire Elementalist on Feb 19, 2022.
             Slain by a black bear (4 damage)
             ... on level 3 of the Dungeon.
             The game lasted 00:12:01 (2812 turns).

jlumianski the Firebug (Gargoyle Fire Elementalist) Turns: 2812, Time: 00:12:04

Health: 0/29       AC:  7    Str: 13    XL:     5   Next: 66%
Magic:  2/9        EV: 12    Int: 16    God:
Gold:   142        SH:  0    Dex: 10    Spells: 6/9 levels left

rFire   . . .      SeeInvis .   m - +2 dagger (drain)
rCold   . . .      Faith    .   (no shield)
rNeg    + . .      Spirit   .   a - +0 robe
rPois   ∞          Reflect  .   (no helmet)
rElec   +          Harm     .   (no cloak)
rCorr   .          Rampage  .   (no gloves)
Will    .....                   k - +0 pair of boots
Stlth   ++........              e - amulet of the acrobat
HPRegen 0.09/turn               (no ring)
MPRegen 0.11/turn               (no ring)

@: no status effects
A: sickness immunity, AC +4, negative energy resistance 1, electricity
resistance, torment resistance 1, petrification resistance
a: no special abilities


You were on level 3 of the Dungeon.
You visited 1 branch of the dungeon, and saw 4 of its levels.

You collected 142 gold pieces.

Inventory:

Hand Weapons
 c - a +0 hunting sling
 j - a +0 dagger
 m - a +2 dagger of draining (weapon)
 o - a +0 club
 q - a +0 short sword
Missiles
 d - 2 poisoned darts
 p - 36 stones
 r - 4 atropa-tipped darts
Armour
 a - a +0 robe (worn)
 k - a +0 pair of boots (worn)
Jewellery
 e - an amulet of the acrobat (around neck)
Wands
 s - a wand of digging (5)
Scrolls
 g - a scroll of enchant armour {unknown}
 h - 4 scrolls of identify {unknown}
 l - a scroll of fear {unknown}
Potions
 b - a potion of might {unknown}
 f - 2 potions of ambrosia {unknown}
 i - a potion of lignification {unknown}
 n - a potion of curing {unknown}


   Skills:
 + Level 1.1 Fighting
 + Level 1.4 Short Blades
 + Level 2.1 Dodging
 + Level 3.5 Stealth
 + Level 2.9 Spellcasting
 + Level 1.4 Conjurations
 + Level 4.0 Fire Magic


You had 6 spell levels left.
You knew the following spells:

 Your Spells              Type           Power      Damage    Failure   Level
a - Foxfire               Conj/Fire      44%        2x1d6     6%          1
b - Scorch                Fire           30%        2d6       5%          2

Your spell library contained the following spells:

 Spells                   Type           Power      Damage    Failure   Level
 Conjure Flame            Conj/Fire      11%        6-21      19%         3
 Inner Flame              Hex/Fire       8%         N/A       26%         3
 Flame Wave               Conj/Fire      11%        2d5       52%         4


Dungeon Overview and Level Annotations

Branches:
Dungeon (4/15)
 Temple: D:4-7

Altars:

Shops:
D:1 *


Innate Abilities, Weirdness & Mutations

You are immune to sickness and miasma.
Your stone body is resilient. (AC +4)
You are immune to poison.
You resist negative energy. (rN+)
You are resistant to electric shocks. (rElec)
You are resistant to unholy torment.
You are immune to petrification.


Message History

Confirm with . or Enter, or press ? or * to list all spells.
Flames lash the black bear.
The black bear is burned terribly!
The black bear is severely wounded.
The black bear goes berserk!
Casting: Scorch (safe; 5% risk of failure)
Confirm with . or Enter, or press ? or * to list all spells.
You conjure some foxfire!
The black bear bites you! The black bear barely misses you.
The black bear claws you but does no damage.
You hit the black bear but do no damage.
The black bear is severely wounded.
The foxfire hits the black bear but does no damage.
The black bear is severely wounded.
The foxfire hits the black bear.
The black bear is severely wounded.
The black bear closely misses you. The black bear claws you.
The black bear claws you but does no damage.
The black bear bites you but does no damage.
The black bear claws you but does no damage.
The black bear closely misses you.
Casting: Foxfire (safe; 6% risk of failure)
Confirm with . or Enter, or press ? or * to list all spells.
You conjure some foxfire!
The black bear bites you but does no damage.
The black bear claws you but does no damage.
The black bear claws you.
You barely miss the black bear.
The black bear is severely wounded.
The foxfire hits the black bear but does no damage.
The black bear is severely wounded.
The foxfire hits the black bear but does no damage.
The black bear is severely wounded.
The black bear bites you!
* * * LOW HITPOINT WARNING * * *
The black bear misses you.
The black bear claws you but does no damage.
The black bear bites you.
* * * LOW HITPOINT WARNING * * *
The black bear claws you.
You die...

..##.........)..###.##.#
#...........###.# #.##.#
...#........###.###.##.##
#........†...##..##.##..##
....)).......###....###..##
.......................#..#
.............##........##.#
##..............§.........#
#..#..........#§@......#..###
#.##........#..§.h..........##
#.#############..........##..####
..# #...........#.....# ###
#..........<....... #
#..................
#..................
#####..............
#..............


You could see a black bear (berserk, combustible).

Vanquished Creatures
  Pargi (D:3)
  2 adders (D:2)
  2 worms (D:2)
  2 dart slugs (D:1)
  5 orcs
  4 ball pythons
  3 endoplasms
  2 giant cockroaches
  10 goblins
  5 hobgoblins
  2 jackals
  4 quokkas
  5 bats (D:1)
  2 frilled lizards (D:1)
  3 kobolds
  3 rats
55 creatures vanquished.

Vanquished Creatures (others)
  56 foxfires
56 creatures vanquished.

Grand Total: 111 creatures vanquished

Notes
Turn   | Place    | Note
-------+----------+-------------------------------------------
     0 | D:1      | jlumianski the Gargoyle Fire Elementalist began the quest
                  | for the Orb.
     0 | D:1      | Reached XP level 1. HP: 10/10 MP: 3/3
   193 | D:1      | Found Hoirreis's Assorted Antiques.
   248 | D:1      | Reached XP level 2. HP: 5/15 MP: 1/5
   253 | D:1      | Learned a level 2 spell: Scorch
  1019 | D:1      | Reached XP level 3. HP: 19/19 MP: 6/6
  1775 | D:2      | Reached XP level 4. HP: 17/24 MP: 2/7
  2125 | D:3      | Noticed Pargi
  2140 | D:3      | Killed Pargi
  2141 | D:3      | Reached skill level 1 in Short Blades
  2141 | D:3      | Reached XP level 5. HP: 10/28 MP: 1/9
  2370 | D:2      | Found a faded altar of an unknown god.
  2406 | D:2      | Reached skill level 1 in Fighting
  2666 | D:3      | Reached skill level 4 in Fire Magic
  2798 | D:4      | Noticed a black bear
  2812 | D:3      | Slain by a black bear

Illustrated notes

Levels and vault maps discovered:
D:1:      saegor_arrival_miasma, layout_basic, serial_shops, shop,
          minmay_stone_trees_small, minivault_23, st_stairs_7
D:2:      layout_rooms, basic_ecumenical_altar, serial_corexii_hall,
          corexii_hall_statues_t, chequers_hall_statues_y,
          corexii_hall_statues_i, corexii_hall_statues_u
D:3:      layout_rooms, uniq_pargi
D:4:      layout_loops_corners, okawaru_ov_weapons_minmay, minmay_manual_moon

Skill      XL: |  1  2  3  4  5 |
---------------+----------------+-----
Stealth        | 3 |  3.5
Short Blades   | 1 |  1.4
Dodging        | 2 |  2.1
Fighting       | 1 |  1.1
Fire Magic     | 4 |  4.0
Spellcasting   | |  2.9
Conjurations   | |  1.4

Action                   |  1- 3 |  4- 6 || total
-------------------------+-------+-------++-------
Melee: Unarmed           |    15 |       ||    15
       Dagger            |    48 |    34 ||    82
       Punch             |     1 |     1 ||     2
 Cast: Foxfire           |    24 |    10 ||    34
       Scorch            |    11 |    13 ||    24
 Stab: Sleeping          |     4 |     1 ||     5
Armor: Robe              |    16 |    22 ||    38
Dodge: Dodged            |    45 |    39 ||    84
